 Dungeon Crawl Stone Soup version 0.27.1-34-g3ba077fa99 (webtiles) character file.

Game seed: 1005634811592166769

102684 Karpo the Ninja (level 15, -16/80 HPs)
             Began as a Spriggan Enchanter on Jan 20, 2022.
             Was the Champion of Dithmenos.
             Demolished by a tyrant leech (28 damage)
             ... on level 1 of the Swamp on Jan 22, 2022.
             The game lasted 03:37:22 (39908 turns).

Karpo the Ninja (Spriggan Enchanter)               Turns: 39908, Time: 03:37:23

Health: -16/80     AC:  3    Str:  7    XL:     15   Next: 86%
Magic:  32/38      EV: 30    Int: 23    God:    Dithmenos [******]
Gold:   1798       SH:  0    Dex: 20    Spells: 11/32 levels left

rFire    . . .     SeeInvis +   e - +2 dagger (venom)
rCold    . . .     Faith    .   (shield restricted)
rNeg     . . .     Spirit   .   m - +2 robe {Archmagi}
rPois    .         Reflect  .   (helmet restricted)
rElec    .         Harm     .   v - +2 cloak
rCorr    .         Rampage  .   (gloves unavailable)
Will     ++...     Archmagi +   (boots unavailable)
Stlth    ++++++++++             k - amulet of magic regeneration
HPRegen  0.23/turn              t - +4 ring of protection
MPRegen  0.51/turn              Z - ring "Liput" {MP+9 Str+3 Int+4}

@: corroded, very slightly contaminated, wreathed by umbra, studying 2 skills,
invisible, slow
A: very small, no large weapons, unfitting armour, see invisible, speed 3
a: Renounce Religion, Shadow Step, Shadow Form


You were on level 1 of the Swamp.
You worshipped Dithmenos.
Dithmenos was exalted by your worship.
You visited 9 branches of the dungeon, and saw 29 of its levels.
You also visited: Ossuary and Ice Cave.

You collected 2628 gold pieces.
You spent 830 gold pieces at shops.

Inventory:

Hand Weapons
 a - a +2 dagger of freezing
 e - a +2 dagger of venom (weapon)
 B - a +1 short sword of electrocution
 N - a +2 dagger of flaming
 Q - a +2 rapier of protection
 X - a +3 dagger of chaos
Armour
 m - a +2 robe of the Archmagi (worn)
 v - a +2 cloak (worn)
 G - a +2 robe of cold resistance
 O - +0 steam dragon scales
Jewellery
 h - a ring of wizardry
 k - an amulet of magic regeneration (around neck)
 t - a +4 ring of protection (left hand)
 z - a ring of fire
 D - the ring "Vynomp" {Fly Str-5 Dex+3 SInv}
   (You found it on level 6 of the Lair of Beasts)

   [ring of flight]

   Str:       It affects your strength (-5).
   Dex:       It affects your dexterity (+3).
   SInv:      It lets you see invisible.
   Fly:       It grants you flight.
 F - a ring of ice
 I - a ring of magical power
 R - a ring of willpower
 W - a ring of poison resistance
 Z - the ring "Liput" (right hand) {MP+9 Str+3 Int+4}
   (You found it on level 10 of the Dungeon)

   [ring of magical power]

   Str:       It affects your strength (+3).
   Int:       It affects your intelligence (+4).
   MP:        It affects your magic capacity (+9).
Wands
 b - a wand of polymorph (7)
 q - a wand of paralysis (6)
 r - a wand of acid (18)
 y - a wand of charming (24)
 J - a wand of digging (5)
 U - a wand of iceblast (15)
 V - a wand of flame (18)
 Y - a wand of mindburst (29)
Scrolls
 l - 6 scrolls of blinking
 n - 4 scrolls of fear
 s - a scroll of vulnerability
 u - a scroll of silence
 w - a scroll of holy word
 E - 6 scrolls of teleportation
 K - 3 scrolls of fog
 L - 2 scrolls of summoning
Potions
 c - 2 potions of ambrosia
 d - a potion of resistance
 f - 2 potions of haste
 g - 3 potions of magic
 i - 8 potions of flight
 j - 2 potions of invisibility
 x - 4 potions of cancellation
 C - 3 potions of might
 M - a potion of brilliance
 P - 5 potions of curing
 S - 3 potions of heal wounds


   Skills:
 + Level 10.1 Fighting
 - Level 10.0 Short Blades
 - Level 15.0 Dodging
 O Level 27 Stealth
 - Level 9.0 Spellcasting
 + Level 12.6 Hexes
 - Level 3.4 Translocations


You had 11 spell levels left.
You knew the following spells:

 Your Spells              Type           Power      Damage    Failure   Level
a - Dazzling Flash        Conj/Hex       100%       N/A       1%          3
b - Ensorcelled Hibernat  Hex/Ice        100%       N/A       1%          2
c - Confusing Touch       Hex            80%        N/A       1%          3
d - Invisibility          Hex            40%        N/A       5%          6
e - Blink                 Tloc           N/A        N/A       2%          2
f - Apportation           Tloc           78%        N/A       1%          1
g - Passage of Golubria   Tloc           N/A        N/A       16%         4

Your spell library contained the following spells:

 Spells                   Type           Power      Damage    Failure   Level
 Corona                   Hex            88%        N/A       1%          1
 Tukima's Dance           Hex            80%        N/A       1%          3
 Lesser Beckoning         Tloc           19%        N/A       4%          3
 Animate Skeleton         Necr           30%        N/A       6%          1
 Beastly Appendage        Tmut           30%        N/A       6%          1
 Sting                    Tmut/Pois      60%        1d6       6%          1
 Summon Small Mammal      Summ           60%        N/A       6%          1
 Corpse Rot               Necr/Air       N/A        N/A       10%         2
 Passwall                 Tmut/Erth      12%        N/A       10%         2
 Poisonous Vapours        Pois/Air       30%        N/A       10%         2
 Wereblood                Tmut           15%        N/A       10%         2
 Metabolic Englaciation   Hex/Ice        28%        N/A       13%         5
 Yara's Violent Unravell  Hex/Tmut       28%        3d12      13%         5
 Conjure Flame            Conj/Fire      15%        6-21      19%         3
 Ignite Poison            Fire/Tmut/Pois 15%        N/A       19%         3
 Spider Form              Tmut/Pois      7%         N/A       19%         3
 Stone Arrow              Conj/Erth      30%        3d8       19%         3
 Swiftness                Air            15%        N/A       19%         3
 Vampiric Draining        Necr           7%         2d7       19%         3
 Manifold Assault         Tloc           39%        N/A       38%         5
 Animate Dead             Necr           7%         N/A       52%         4
 Petrify                  Tmut/Erth      15%        N/A       52%         4
 Sticky Flame             Conj/Fire      15%        2d4       52%         4
 Summon Lightning Spire   Summ/Air       15%        N/A       52%         4
 Summon Forest            Summ/Tloc      13%        N/A       65%         5
 Freezing Cloud           Conj/Ice/Air   7%         6-21      86%         5
 Eringya's Noxious Bog    Tmut/Pois      7%         N/A       100%        6
 Simulacrum               Ice/Necr       7%         N/A       100%        6
 Statue Form              Tmut/Erth      10%        N/A       100%        6
 Monstrous Menagerie      Summ           7%         N/A       100%        7
 Storm Form               Tmut/Air       7%         N/A       100%        7
 Summon Hydra             Summ           7%         N/A       100%        7
 Maxwell's Capacitive Co  Air            7%         ∞         100%        8


Dungeon Overview and Level Annotations

Branches:
Dungeon (15/15)            Temple (1/1) D:6            Lair (6/6) D:9
  Swamp (1/4) Lair:3        Snake (1/4) Lair:4        Slime (1/5) Lair:6
    Orc (2/2) D:11            Elf (1/3) Orc:2        Vaults (0/5) D:13
 Depths (1/5) D:15        Ossuary (visited)           IceCv (visited)

Altars:
Ashenzari
Cheibriados
Dithmenos
Elyvilon
Fedhas
Gozag
Hepliaklqana
Kikubaaqudgha
Makhleb
Nemelex Xobeh
Okawaru
Qazlal
Ru
Sif Muna
Trog
Uskayaw
Vehumet
Wu Jian
Xom
Yredelemnul
Zin
The Shining One

Shops:
D:5 ?*=[   D:6 *   D:8 ?   D:12 ?   D:14 *   D:15 **   Orc:2 =[([[

Annotations:
D:5 1 runed translucent door, brob1's ghost, novice DjFE
D:9 2 transporters, AntonIG04's ghost, novice MiBe
D:10 LordBelias's ghost, journeyman DjWz
Orc:1 Bayzun's ghost, journeyman DsVM


Innate Abilities, Weirdness & Mutations

You are very small and have problems with some larger weapons.
You are too small for most types of armour.
You have supernaturally acute eyesight. (SInv)
You cover ground extremely quickly. (Speed+++)


Message History

Aiming: Ensorcelled Hibernation (safe; 1% risk of failure)
Press: ? - help, Shift-Dir - straight line, f - eleionoma, p - swamp dragon
Aim: an eleionoma (umbra, chance to affect: 11%)
You feel a surge of power!
The eleionoma resists with almost no effort.
The tyrant leech completely misses you. The eleionoma hits you!
The swamp dragon completely misses you. x2; The swamp dragon misses you.
The goliath frog hits you from afar! The acid corrodes you!
You are splashed with acid!
The eleionoma hurls a spray of splinters at you.
The spray of wooden splinters misses you.
You enter the shallow water.
Moving in this stuff is going to be slow.
The eleionoma flows through the trees.
You hit the eleionoma but do no damage.
The eleionoma is poisoned.
Your shadow hits the eleionoma with a dagger.
The eleionoma completely misses you.
Your unstable footing causes you to fumble your attack.
The goliath frog completely misses you.
The tyrant leech looks more healthy.
The eleionoma splashes around in the water.
The goliath frog closely misses you.
The swamp dragon bites you but does no damage.
The swamp dragon claws you. The swamp dragon completely misses you.
The goliath frog completely misses you.
The eleionoma hurls a spray of splinters at you.
The spray of wooden splinters misses you.
The tyrant leech completely misses you.
You enter the shallow water.
Moving in this stuff is going to be slow.
The goliath frog hits you from afar!
* * * LOW HITPOINT WARNING * * *
The acid corrodes you!
You are splashed with acid.
* * * LOW HITPOINT WARNING * * *
Casting: Ensorcelled Hibernation (safe; 1% risk of failure)
Confirm with . or Enter, or press ? or * to list all spells.
You feel a surge of power!
You fade into invisibility!
The goliath frog completely misses you. The tyrant leech bites you!!
You die...

♣..≈≈≈≈≈≈≈.≈≈♣
♣♣♣≈..≈≈≈.≈♣♣♣.≈♣♣♣♣
.≈.♣≈≈≈≈.♣ ♣♣..≈≈≈.♣
...≈....♣ ♣.......♣♣♣
..>...≈♣ ♣.§≈≈..♣..♣
..≈≈.≈.♣ ♣.§≈≈≈≈.≈♣♣
♣.≈≈.≈≈♣ ♣♣♣.§≈F≈≈.≈♣
♣......♣♣≈♣♣≈RDw....♣
....♣..♣≈♣♣♣≈♣♣♣@.≈♣♣
≈§≈..≈.≈..♣♣...♣♣.♣♣
♣§....♣.≈.♣♣♣..♣...♣
♣♣♣..♣....♣♣♣≈♣♣♣≈≈≈§
≈≈≈.♣♣♣.≈..♣♣.♣♣≈.≈≈≈.
.≈≈≈.♣§.≈≈≈...≈♣♣.....≈≈
≈≈§§≈≈.≈)≈≈≈...♣♣♣♣♣>.≈≈
.≈≈≈≈≈.≈≈≈≈≈.≈♣♣ ♣.≈.
≈..≈≈≈≈≈≈≈≈...≈♣


You could see an eleionoma (poisoned), a swamp dragon, a tyrant leech and a
goliath frog.

Vanquished Creatures
  A stone giant (D:15)
  A dire elephant (Lair:5)
  The ghost of Ribudoz the Blocker, a journeyman GnFi of Okawaru (Lair:5)
  A bunyip (Swamp:1)
  An ettin (Orc:1)
  Snorg (Orc:2)
  4 naga warriors (Snake:1)
  2 boulder beetles
  Fannar (Lair:2)
  9 hydras
  2 centaur warriors
  Erica (Orc:1)
  An ogre mage (D:13)
  3 anacondas (Snake:1)
  2 catoblepae (Lair:3)
  6 two-headed ogres
  7 death yaks
  2 tengu warriors (D:13)
  5 orc high priests (Orc:2)
  Urug (Lair:1)
  Sonja (D:11)
  A swamp dragon (Lair:3)
  6 orc knights
  A wizard (D:15)
  A necromancer (Lair:5)
  2 deep elf pyromancers
  9 ugly things
  An orc sorcerer (D:15)
  7 cyclopes
  3 manticores
  A guardian serpent (shapeshifter) (D:14)
  4 elephants (Lair:6)
  6 black mambas
  2 naga magi
  2 guardian serpents
  18 cane toads
  A smoke demon (D:10)
  2 gargoyles
  A torpor snail (Lair:4)
  Psyche (D:10)
  A rime drake (Lair:5)
  2 efreet
  9 komodo dragons
  4 yaktaurs (D:15)
  A tengu conjurer (D:13)
  2 ice devils (Lair:1)
  A jumping spider (shapeshifter) (D:15)
  10 trolls
  3 polar bears
  2 hornets (Swamp:1)
  36 blink frogs
  5 tyrant leeches
  Prince Ribbit (D:9)
  A meliai zombie (D:11)
  7 dream sheep
  6 slime creatures (D:12)
  A centaur simulacrum (D:14)
  A shadow (D:11)
  A wraith (D:10)
  3 spriggans
  52 yaks
  A vampire (D:11)
  3 wyverns
  6 basilisks
  3 steam dragons (D:9)
  A death yak simulacrum (IceCv)
  A naga (Lair:4)
  5 vampire mosquitoes
  A swamp worm (Swamp:1)
  3 wargs
  2 acid dragons
  16 water moccasins
  33 orc warriors
  6 black bears
  A sky beast (D:7)
  An ogre (shapeshifter) (D:14)
  2 ice beasts (D:6)
  3 ogres
  11 wolves
  13 centaurs
  2 phantoms (D:11)
  4 kobold brigands
  2 elf zombies (Ossuary)
  2 gnoll sergeants
  15 bullfrogs
  A cane toad simulacrum (IceCv)
  A wyvern zombie (D:6)
  4 scorpions
  3 troll zombies (D:11)
  2 elephant simulacra (IceCv)
  5 electric eels
  8 howler monkeys
  A centaur zombie (Ossuary)
  3 hounds
  A gnoll shaman (Orc:1)
  13 jellies
  26 orc priests
  3 centaur skeletons
  21 orc wizards
  5 hell rats (Lair:3)
  2 iguanas
  2 yak simulacra (Lair:5)
  3 polar bear simulacra
  5 wolf simulacra (Lair:5)
  3 ogre zombies (D:11)
  2 mummies (Ossuary)
  A hound skeleton (D:5)
  A howler monkey zombie (D:9)
  Robin (D:3)
  14 gnolls
  2 adders
  2 shadow imps
  2 white imps
  An adder zombie (Ossuary)
  4 worms
  2 dart slugs
  63 orcs
  7 ball pythons
  10 endoplasms
  2 giant cockroaches (D:2)
  9 goblins
  15 hobgoblins
  4 quokkas
  6 bats
  3 frilled lizards (D:1)
  2 goblin skeletons
  4 goblin zombies
  10 hobgoblin zombies
  2 jackal zombies (Ossuary)
  32 kobolds
  2 kobold skeletons (D:6)
  10 kobold zombies (Ossuary)
  2 orc skeletons (D:11)
  24 orc zombies
  3 rats
  2 river rat simulacra (Lair:5)
764 creatures vanquished.

Vanquished Creatures (others)
  An orc (D:15)
  40 fungi
  201 plants
242 creatures vanquished.

Grand Total: 1006 creatures vanquished

Notes
Turn   | Place    | Note
-------+----------+-------------------------------------------
     0 | D:1      | Karpo the Spriggan Enchanter began the quest for the Orb.
     0 | D:1      | Reached XP level 1. HP: 9/9 MP: 5/5
   482 | D:1      | Reached XP level 2. HP: 13/13 MP: 6/6
   525 | D:1      | Reached skill level 5 in Stealth
   641 | D:1      | Found a faded altar of an unknown god.
   693 | D:1      | Learned a level 2 spell: Ensorcelled Hibernation
  1309 | D:1      | Reached XP level 3. HP: 15/16 MP: 8/8
  1980 | D:2      | Noticed a phantom
  2000 | D:1      | Learned a level 3 spell: Confusing Touch
  2622 | D:2      | Found a glowing silver altar of Zin.
  2878 | D:2      | Reached skill level 6 in Stealth
  3170 | D:3      | Reached XP level 4. HP: 21/21 MP: 4/9
  3866 | D:3      | Noticed Robin
  4333 | D:3      | Killed Robin
  4603 | D:4      | Found an iron altar of Okawaru.
  4608 | D:4      | Reached skill level 7 in Stealth
  4608 | D:4      | Reached XP level 5. HP: 24/24 MP: 10/10
  4741 | D:5      | Entered Level 5 of the Dungeon
  5138 | D:4      | Noticed an ogre
  5143 | D:4      | Killed an ogre
  5144 | D:4      | Reached skill level 5 in Short Blades
  5144 | D:4      | Reached skill level 8 in Stealth
  5144 | D:4      | Reached XP level 6. HP: 28/28 MP: 11/11
  5930 | D:6      | Found a glowing golden altar of the Shining One.
  6081 | D:6      | Found a sand-covered staircase.
  6089 | Ossuary  | Entered an ossuary
  6626 | Ossuary  | Reached skill level 5 in Hexes
  6626 | Ossuary  | Reached XP level 7. HP: 23/32 MP: 14/14
  7127 | D:6      | Found a staircase to the Ecumenical Temple.
  7133 | Temple   | Entered the Ecumenical Temple
  7231 | Temple   | Became a worshipper of Dithmenos the Shadowed
  7303 | D:5      | Found Jeack's General Store.
  7309 | D:5      | Found Tovij's Magic Scroll Shop.
  7359 | D:5      | You fall into a shaft and drop 1 floor!
  7368 | D:6      | Found Zin's Purification Station.
  7369 | D:6      | Found a glowing silver altar of Zin.
  7405 | D:5      | Found a runed translucent door.
  7406 | D:5      | Noticed brob1's ghost (novice DjFE)
  7434 | D:5      | Found Vangehep's Armour Shop.
  7796 | D:5      | Found Garin's Jewellery Shop.
  7895 | D:5      | Reached skill level 1 in Fighting
  7908 | D:5      | Reached XP level 8. HP: 37/37 MP: 15/15
  8591 | D:5      | Learned a level 3 spell: Dazzling Flash
  8822 | D:6      | Reached skill level 5 in Dodging
  9132 | D:7      | Noticed a boulder beetle
  9245 | D:7      | Reached * piety under Dithmenos
 10224 | D:7      | Reached XP level 9. HP: 44/44 MP: 16/16
 10300 | D:7      | Reached skill level 9 in Stealth
 10598 | D:8      | Learned a level 6 spell: Invisibility
 11012 | D:8      | Found Megehemigi's Magic Scroll Shoppe.
 11020 | D:8      | Bought a scroll of teleportation for 42 gold pieces
 11020 | D:8      | Bought a scroll of teleportation for 42 gold pieces
 11379 | D:8      | Identified the +5 flail of the Realm of Zot {vorpal, rF+}
 11458 | D:8      | Reached skill level 10 in Stealth
 11942 | D:10     | Entered Level 10 of the Dungeon
 11958 | D:9      | Noticed a troll
 11968 | D:9      | Reached skill level 11 in Stealth
 12284 | D:9      | Found a transporter.
 12288 | D:9      | Noticed AntonIG04's ghost (novice MiBe)
 12701 | D:8      | Reached skill level 12 in Stealth
 12966 | D:9      | Noticed Prince Ribbit
 12969 | D:9      | Found a transporter.
 12971 | D:9      | Killed Prince Ribbit
 12972 | D:9      | Reached XP level 10. HP: 49/49 MP: 17/17
 12975 | D:9      | Noticed a death yak
 12977 | D:9      | Found a staircase to the Lair.
 12978 | D:9      | Noticed a death yak
 12979 | D:9      | Noticed a death yak
 13107 | D:9      | Noticed a two-headed ogre
 13639 | D:9      | Noticed a gargoyle
 13687 | D:9      | Reached ** piety under Dithmenos
 13688 | D:9      | Reached skill level 5 in Spellcasting
 13897 | Lair:1   | Entered Level 1 of the Lair of Beasts
 13946 | Lair:1   | Found a frozen archway.
 13959 | IceCv    | Entered an ice cave
 13959 | IceCv    | Noticed a white ugly thing
 13965 | IceCv    | Found a transporter.
 13969 | IceCv    | Killed a white ugly thing
 13979 | IceCv    | Noticed a white ugly thing
 14030 | IceCv    | Found a transporter.
 14030 | IceCv    | Noticed an ice statue
 14030 | IceCv    | Noticed an ice statue
 14034 | IceCv    | Killed a white ugly thing
 14035 | IceCv    | Reached skill level 13 in Stealth
 14311 | Lair:1   | Noticed Urug
 14347 | Lair:1   | Noticed a seven-headed hydra
 14357 | Lair:1   | Killed a seven-headed hydra
 14388 | Lair:1   | Noticed a cane toad
 14484 | Lair:1   | Noticed a cane toad
 14498 | Lair:1   | Killed a cane toad
 14499 | Lair:1   | Reached XP level 11. HP: 38/54 MP: 15/21
 15334 | Lair:2   | Reached skill level 5 in Fighting
 15334 | Lair:2   | Reached skill level 10 in Dodging
 15762 | Lair:1   | Reached *** piety under Dithmenos
 15767 | Lair:1   | Reached skill level 10 in Hexes
 15819 | Lair:2   | Noticed Fannar
 15854 | Lair:2   | Noticed a five-headed hydra
 15980 | Lair:1   | Killed Urug
 15981 | Lair:1   | Reached skill level 14 in Stealth
 16240 | Lair:1   | Reached skill level 10 in Short Blades
 16316 | Lair:2   | Noticed a seven-headed hydra
 16602 | Lair:1   | Killed a seven-headed hydra
 17002 | Lair:1   | Killed a five-headed hydra
 17082 | Lair:3   | Noticed a death yak
 17178 | Lair:2   | Reached skill level 15 in Stealth
 17178 | Lair:2   | Reached XP level 12. HP: 61/61 MP: 9/22
 17265 | Lair:3   | Noticed a four-headed hydra
 17373 | Lair:2   | Killed Fannar
 17752 | Lair:3   | Noticed a death yak
 17752 | Lair:3   | Noticed a death yak
 17752 | Lair:3   | Noticed a death yak
 17759 | Lair:3   | Killed a death yak
 17762 | Lair:3   | Killed a death yak
 17767 | Lair:3   | Killed a death yak
 17774 | Lair:3   | Killed a death yak
 18056 | Lair:3   | Killed a four-headed hydra
 18457 | Lair:3   | Noticed a catoblepas
 18470 | Lair:3   | Noticed a catoblepas
 18520 | Lair:3   | Killed a catoblepas
 18521 | Lair:3   | Reached skill level 15 in Dodging
 18821 | Lair:3   | Found a staircase to the Swamp.
 18852 | Swamp:1  | Entered Level 1 of the Swamp
 19471 | D:8      | Bought a scroll of identify for 28 gold pieces
 19471 | D:8      | Bought a scroll of identify for 28 gold pieces
 19471 | D:8      | Bought a scroll of identify for 28 gold pieces
 19471 | D:8      | Bought a scroll of identify for 28 gold pieces
 19478 | D:8      | Bought a scroll of identify for 28 gold pieces
 19478 | D:8      | Bought a scroll of identify for 28 gold pieces
 19583 | D:5      | Bought a scroll of identify for 22 gold pieces
 19583 | D:5      | Bought a scroll of identify for 22 gold pieces
 19583 | D:5      | Bought a scroll of identify for 22 gold pieces
 19583 | D:5      | Bought a scroll of identify for 22 gold pieces
 19738 | D:7      | Killed a boulder beetle
 20170 | Lair:3   | Noticed a five-headed hydra
 20540 | Lair:4   | Reached skill level 16 in Stealth
 20734 | Lair:3   | Reached XP level 13. HP: 67/67 MP: 17/23
 20743 | Lair:3   | Learned a level 2 spell: Blink
 20745 | Lair:3   | Learned a level 1 spell: Apportation
 20801 | Lair:3   | Reached **** piety under Dithmenos
 21483 | Lair:4   | Found a staircase to the Snake Pit.
 21501 | Snake:1  | Entered Level 1 of the Snake Pit
 22008 | Lair:4   | Reached skill level 17 in Stealth
 22749 | Lair:5   | Found a transporter.
 22784 | Lair:5   | Found a transporter.
 22809 | Lair:6   | Entered Level 6 of the Lair of Beasts
 23027 | Lair:5   | Reached ***** piety under Dithmenos
 23104 | Lair:5   | Noticed a dire elephant
 23109 | Lair:5   | Noticed Ribudoz's ghost (journeyman GnFi)
 23555 | D:10     | Noticed Psyche
 23563 | D:10     | Killed Psyche
 23741 | D:10     | Found a burning altar of Makhleb.
 24265 | D:10     | Found a transporter.
 24265 | D:10     | Noticed LordBelias's ghost (journeyman DjWz)
 24268 | D:10     | Found a transporter.
 24305 | D:10     | Got Biyppiom's Incunabulum of Intoxication and Evil Rituals
 24440 | D:10     | Identified the ring "Liput" {MP+9 Str+3 Int+4}
 24713 | D:11     | Found a staircase to the Orcish Mines.
 25079 | D:11     | Got the Guide on the Dusty Entourage
 25302 | D:11     | You fall into a shaft and drop 1 floor!
 25328 | D:12     | Reached XP level 14. HP: 74/74 MP: 21/28
 25358 | D:12     | Learned a level 4 spell: Passage of Golubria
 25395 | D:12     | Found Idghafio's Magic Scroll Shop.
 25668 | D:11     | Noticed Sonja
 25670 | D:11     | Killed Sonja
 25671 | D:11     | Reached skill level 1 in Translocations
 26366 | D:12     | Reached skill level 18 in Stealth
 26941 | Orc:1    | Entered Level 1 of the Orcish Mines
 26961 | Orc:1    | Reached ****** piety under Dithmenos
 26997 | Orc:1    | Noticed Erica
 27032 | Orc:1    | Killed Erica
 27291 | Orc:1    | Found a transporter.
 27295 | Orc:1    | Noticed Bayzun's ghost (journeyman DsVM)
 27300 | Orc:1    | Identified the +6 great mace of Brutal Revenge {elec, +Rage
                  | rCorr Str+2}
 27300 | Orc:1    | Identified the +12 great mace "Neoso" {flame, +Blink rElec
                  | MP+9}
 27410 | Orc:1    | Found a transporter.
 27544 | Orc:2    | Entered Level 2 of the Orcish Mines
 27544 | Orc:2    | Found a staircase to the Elven Halls.
 27908 | Elf:1    | Entered Level 1 of the Elven Halls
 28262 | Orc:2    | Found Qymonuosk's Jewellery Shoppe.
 28641 | Orc:2    | Noticed Snorg
 29087 | Orc:2    | Reached skill level 19 in Stealth
 29093 | Orc:2    | Killed Snorg
 29768 | Orc:2    | Reached skill level 10 in Fighting
 30817 | Orc:2    | Reached skill level 20 in Stealth
 30881 | Orc:2    | Found Caepikh's Antique Weapon Shop.
 30883 | Orc:2    | Found Zynomapn's Armour Boutique.
 30883 | Orc:2    | Found Joitho Estro's Armour Shop.
 30884 | Orc:2    | Found Inityset's Antique Armour Shop.
 30891 | Orc:2    | Bought a +1 robe of the Archmagi for 490 gold pieces
 31506 | Lair:6   | Found a staircase to the Slime Pits.
 31739 | Slime:1  | Entered Level 1 of the Pits of Slime
 32889 | Lair:6   | Reached skill level 21 in Stealth
 32906 | Lair:6   | Reached XP level 15. HP: 78/80 MP: 29/29
 32996 | Lair:6   | Identified the ring "Vynomp" {Fly Str-5 Dex+3 SInv}
 34207 | Lair:5   | Killed Ribudoz's ghost
 34210 | Lair:5   | Reached skill level 22 in Stealth
 35221 | D:9      | Reached skill level 23 in Stealth
 36164 | D:13     | Found a gate to the Vaults.
 36210 | D:13     | Reached skill level 24 in Stealth
 36513 | D:14     | Found Genitipp's Changing Room.
 36751 | D:15     | Entered Level 15 of the Dungeon
 37253 | D:15     | Reached skill level 25 in Stealth
 37353 | D:15     | Found Tetuunus's Assorted Antiques.
 37857 | D:14     | Identified the +1 robe "Reczez" {*Corrode Str-3 Dex+8
                  | Archmagi}
 38061 | D:15     | Reached skill level 26 in Stealth
 38170 | D:15     | Found a staircase to the Depths.
 38197 | Depths:1 | Entered Level 1 of the Depths
 38404 | D:15     | Found Raestra's CLEARANCE SALE! EVERYTHING MUST GO!.
 39337 | Snake:1  | Reached skill level 27 in Stealth
 39908 | Swamp:1  | Demolished by a tyrant leech

Illustrated notes

Levels and vault maps discovered:
D:1:      wander_arrival_estate, layout_basic, hellmonk_ecumenical_altar_zigzags
D:2:      wad_woods_pond, layout_basic, basic_altar
D:3:      layout_loops_ring, chequers_serial_rivers_room_b, uniq_robin
D:4:      layout_loops_ring, okawaru_metal_pillars_1_2, item_on_display_a
D:5:      layout_basic, hellmonk_ghost_happy_afterlife, serial_shops,
          nicolae_shop_window_shopping, shop, shop, shop,
          small_statue_intersection
D:6:      layout_gridville, zin_purify, nicolae_tso_besieged_by_evil,
          minmay_temple_entry_fiery, nicolae_ossuary_entry_monument
D:7:      layout_basic
D:8:      layout_gridville, serial_shops, shop
D:9:      layout_roguey, dpeg_lair_monsters, serial_bayou, serial_bayou_pond_b,
          serial_bayou_crossing, serial_bayou_shore_a, serial_bayou_lagoon_a,
          serial_bayou_pond_e, gammafunk_ghost_stat_death, uniq_prince_ribbit1
D:10:     layout_basic, demons_altar, gammafunk_ghost_arena,
          hangedman_decor_opposing, hangedman_decor_diamond_cutter, uniq_psyche
D:11:     layout_roguey, zombieorc1_lemuel, hangedman_decor_points,
          minivault_16, uniq_sonja
D:12:     layout_basic, serial_shops, shop
D:13:     layout_loops_ring, david_vaults_2
D:14:     layout_loops_corners, chequers_serial_rivers_room_a,
          nicolae_transmutations_shop
D:15:     grunt_enter_depths_giant_problem, layout_rooms, serial_shops,
          nicolae_shop_trees, minivault_27, nicolae_shop_clearance
Temple:   compressed_dpeg_circular_temple
Lair:1:   layout_gridlike, portal_ice_cave_demonic_guard,
          infiniplex_staircase_pool, uniq_urug
Lair:2:   layout_big_grid, infiniplex_staircase_pool_2, uniq_fannar
Lair:3:   layout_regular_city, minmay_swamp_entry_reptiles,
          grunt_forest_stairs_clearing
Lair:4:   layout_regular_city, guppyfry_snake_entry_garden, wad_woods_river_01
Lair:5:   layout_long_grid, nzn_ghost_randoct, eino_house_with_fridge,
          lemuel_fruit_fields, lemuel_fruit_tree
Lair:6:   minmay_lair_end_frog_pond, layout_regular_city,
          minmay_slime_entry_jelly_boxes
Swamp:1:  layout_basic_swamp, serial_swamp_ruin, evilmike_swamp_ruin_house_2,
          evilmike_swamp_ruin_rubble_1, evilmike_swamp_ruin_house_3
Snake:1:  layout_cave_shapes, hangedman_snake_sidewinding
Slime:1:  layout_caves
Orc:1:    layout_diamond_mine, gammafunk_ghost_smash, uniq_erica
Orc:2:    st_orc_pillars, layout_caves, serial_shops, nicolae_shop_waterfront,
          abandoned_shop, uniq_snorg
Elf:1:    layout_onion_city, minmay_elf_annihilation, st_stairs_6,
          grunt_ministairs_4, hex_medium, minivault_16, not_door_vault_due,
          uniq_asterion, uniq_agnes
Depths:1: layout_forbidden_donut, rand_demon_pan_entry_1, hellmouth_3,
          minmay_holes, kennysheep_generic_room_14, uniq_enchantress

Skill      XL: |  1  2  3  4  5  6  7  8  9 10 11 12 13 14 15 |
---------------+----------------------------------------------+-----
Stealth        | 5 6 7 8 12 13 15 16 17 21 27 | 27.0
Short Blades   | 2 3 4 5 8 9 10 | 10.0
Spellcasting   | 4 6 9 |  9.0
Hexes          | 5 8 9 10 11 12 | 12.6
Fighting       | 1 3 4 6 7 8 10 | 10.1
Dodging        | 3 8 9 11 15 | 15.0
Translocations | 3 |  3.4

Action                   |  1- 3 |  4- 6 |  7- 9 | 10-12 | 13-15 || total
-------------------------+-------+-------+-------+-------+-------++-------
Melee: Dagger            |   146 |   341 |   288 |   339 |  1553 ||  2667
       Short sword       |     2 |       |       |       |       ||     2
 Cast: Ensorcelled Hiber |     5 |    31 |    54 |   149 |   133 ||   372
       Confusing Touch   |       |     5 |     7 |    11 |    20 ||    43
       Dazzling Flash    |       |       |     4 |     1 |       ||     5
       Invisibility      |       |       |     2 |    13 |    41 ||    56
       Apportation       |       |       |       |       |     2 ||     2
       Passage of Golubr |       |       |       |       |     4 ||     4
Evoke: Wand              |       |       |       |       |     1 ||     1
  Use: Potion            |       |     1 |     1 |     2 |       ||     4
       Scroll            |       |     6 |    11 |    11 |     3 ||    31
 Stab: Sleeping          |    26 |    25 |    47 |    87 |   193 ||   378
       Distracted        |       |     1 |     1 |     5 |    11 ||    18
       Confused          |       |     3 |     8 |    11 |    16 ||    38
       Invisible         |       |       |     3 |    17 |   146 ||   166
       Petrified         |       |       |       |     1 |       ||     1
Armor: Robe              |    10 |    69 |    73 |     6 |    40 ||   198
       Steam dragon scal |       |       |       |    33 |    50 ||    83
Dodge: Dodged            |    92 |   227 |   271 |   421 |  1181 ||  2192
